AoeStats
← ME_DEPRIME_JUGAR_CON_USTEDES

Nomad

507618914Analyzed
3v3 RM · 12d ago on Sep 19, 2026· 28m 25s· 6 players
Game mode
Random Map
Map size
210×210
Population
200
Speed
Normal
Resources
Standard
Victory
Conquest
Starting age
Dark Age
Ending age
Imperial Age
RankedLock teamsTeams togetherTeam positionsShared explorationLock speedFull tech treeHidden civsTurbo modeCheats
Victory
Defeat
🇦🇷 Maya · Argentina
1520
+12
🇦🇷 Vikings · Argentina
1413
+16
🇦🇷 Spanish · Argentina
1335
+19
🇺🇸 Persians · United States
1417
-16
🇺🇸 Vietnamese · United States
1415
-16
🇺🇸 Spanish · United States
1398
-15
LeGoat James 12-13
8:04 Loom
20:14 Feudal Age
25:00 Castle Age
23:29 Double-Bit Axe
23:30 Horse Collar
MØLDAIN
11:02 Loom
13:27 Feudal Age
21:18 Castle Age
21:25 Stone Mining
23:42 Fletching
Ck lambdaviking
6:32 Loom
8:16 Loom
13:31 Feudal Age
19:47 Castle Age
21:25 Double-Bit Axe
23:01 Bow Saw
350 pero pregriloso
5:37 Loom
5:56 Loom
13:07 Feudal Age
14:22 Horse Collar
23:35 Castle Age
22:12 Fletching
26:23 Fishing Lines
29:09 Wheelbarrow
ME_DEPRIME_JUGAR_CON_USTEDES
12:58 Feudal Age
13:44 Loom
17:15 Castle Age
15:25 Gold Mining
15:48 Double-Bit Axe
20:23 Bow Saw
22:25 Fletching
27:07 Fishing Lines
JLoops
8:45 Loom
11:33 Feudal Age
16:03 Double-Bit Axe
20:11 Town Watch
23:06 Castle Age
26:39 Scale Mail Armor
Connection lost

Rejoining the realm…

Still unreachable

The connection could not be restored.

Session expired

The server has moved on; the page needs a fresh start.